AoeStats
← 啊超

QS Arena

503626596Analyzed
4v4 RM · 1mo ago on Sep 1, 2026· 40m 37s· 8 players
Game mode
Random Map
Map size
Large (8 player)
Population
200
Speed
Normal
Resources
Standard
Victory
Conquest
Starting age
Dark Age
Ending age
Imperial Age
RankedLock teamsTeams togetherTeam positionsShared explorationLock speedFull tech treeHidden civsTurbo modeCheats
Victory
Defeat
🇨🇳 Japanese · China
1262
+13
🇸🇬 Burgundians · Singapore
1255
+14
🇬🇧 Berbers · United Kingdom
1248
+14
1191
+17
🇻🇳 Cumans · Vietnam
1251
-17
🇹🇼 Tatars · Taiwan
1211
-15
🇮🇩 Armenians · Indonesia
1207
-15
🇨🇳 Italians · China
1141
-12
Oz[A]nT
6:02 Loom
8:19 Feudal Age
13:02 Castle Age
11:04 Double-Bit Axe
11:55 Horse Collar
17:18 Wheelbarrow
21:35 Fletching
27:46 Imperial Age
25:37 Bow Saw
26:37 Bodkin Arrow
27:55 Hand Cart
27:43 Padded Archer Armor
28:26 Ballistics
28:50 Conscription
29:09 Leather Archer Armor
30:19 Elite Composite Bowman
32:08 Chemistry
33:49 Bracer
39:39 Ring Archer Armor
救不了你
9:06 Feudal Age
13:08 Castle Age
11:03 Double-Bit Axe
11:04 Horse Collar
14:20 Bow Saw
14:12 Heavy Plow
14:54 Loom
15:49 Wheelbarrow
17:10 Loom
21:47 Hand Cart
27:37 Imperial Age
25:22 Scale Barding Armor
25:18 Scale Mail Armor
25:28 Forging
25:37 Forging
25:12 Pikeman
25:53 Squires
25:38 Arson
27:40 Chain Barding Armor
28:46 Iron Casting
29:10 Plate Barding Armor
29:58 Silk Armor
30:33 Halberdier
32:43 Halberdier
kw3dsky
7:43 Feudal Age
14:33 Castle Age
12:53 Double-Bit Axe
14:23 Horse Collar
17:36 Man-at-Arms
19:28 Long Swordsman
21:32 Wheelbarrow
21:02 Capped Ram
22:10 Scale Mail Armor
23:12 Hand Cart
24:08 Bloodlines
24:52 Scale Barding Armor
24:58 Forging
25:28 Bow Saw
25:20 Heavy Plow
29:54 Imperial Age
27:22 Gold Mining
27:22 Stone Mining
28:09 Chain Barding Armor
29:05 Gold Shaft Mining
29:30 Iron Casting
28:44 Light Cavalry
29:56 Cavalier
31:31 Plate Barding Armor
32:26 Blast Furnace
32:52 Chain Mail Armor
32:08 Pikeman
33:06 Halberdier
34:21 Paladin
35:48 Plate Mail Armor
36:11 Squires
啊超
8:45 Feudal Age
13:15 Castle Age
22:12 Imperial Age
19:39 Double-Bit Axe
20:04 Horse Collar
21:13 Fletching
21:37 Gold Mining
24:27 Chemistry
精銳萌古騎豬突猛進
7:34 Feudal Age
5:57 Loom
11:50 Castle Age
10:39 Double-Bit Axe
10:36 Horse Collar
15:55 Bow Saw
20:56 Heavy Plow
24:53 Fletching
25:04 Padded Archer Armor
25:44 Wheelbarrow
24:58 Town Watch
30:03 Imperial Age
27:55 Hand Cart
29:10 Stone Mining
30:37 Stone Shaft Mining
30:21 Bodkin Arrow
31:10 Conscription
32:19 Husbandry
35:00 Gold Mining
36:17 Gold Shaft Mining
36:08 Bloodlines
35:58 Elite Mangudai
36:50 Thumb Ring
37:53 Pikeman
39:38 Bracer
39:40 Scale Mail Armor
39:57 Leather Archer Armor
Alihoe
8:40 Feudal Age
12:30 Castle Age
10:21 Double-Bit Axe
10:37 Horse Collar
12:43 Light Cavalry
14:03 Bow Saw
20:31 Wheelbarrow
21:46 Hand Cart
21:30 Loom
21:30 Town Watch
23:42 Scale Barding Armor
23:47 Forging
25:04 Bloodlines
24:54 Husbandry
27:35 Heavy Plow
27:26 Gold Mining
27:28 Stone Mining
30:36 Imperial Age
28:50 Chain Barding Armor
29:20 Iron Casting
30:12 Gold Shaft Mining
30:23 Stone Shaft Mining
31:14 Kasbah
30:38 Hussar
30:38 Cavalier
30:38 Heavy Camel Rider
30:46 Heavy Camel Rider
30:47 Cavalier
32:13 Conscription
32:34 Plate Barding Armor
34:30 Blast Furnace
36:13 Chemistry
35:34 Ballistics
35:20 Siege Engineers
37:24 Fletching
40:31 Crop Rotation
41:00 Bodkin Arrow
41:06 Padded Archer Armor
8316699
3:26 Double-Bit Axe
5:02 Horse Collar
8:09 Feudal Age
12:11 Castle Age
12:38 Bow Saw
12:29 Heavy Plow
18:17 Wheelbarrow
20:12 Gold Mining
21:56 Two-Man Saw
20:42 Cavalier
21:22 Husbandry
21:44 Scale Barding Armor
21:50 Forging
21:58 Hand Cart
24:47 Chain Barding Armor
25:02 Iron Casting
27:43 Iron Casting
31:24 Gold Shaft Mining
30:41 Stone Mining
34:01 Imperial Age
32:05 Crop Rotation
32:10 Stone Shaft Mining
34:27 Loom
35:29 Plate Barding Armor
35:55 Blast Furnace
34:43 Paladin
38:49 Blast Furnace
missed and miss
8:14 Feudal Age
12:05 Castle Age
12:42 Double-Bit Axe
14:24 Bow Saw
16:19 Wheelbarrow
18:10 Scale Mail Armor
18:20 Horse Collar
18:31 Gold Mining
23:20 Chain Mail Armor
24:24 Forging
28:05 Iron Casting
29:18 Hand Cart
35:34 Imperial Age
35:56 Gold Shaft Mining
35:12 Stone Mining
35:23 Heavy Plow
35:15 Fletching
35:26 Padded Archer Armor
35:38 Elite Samurai
36:39 Conscription
35:43 Capped Ram
36:32 Bodkin Arrow
37:09 Plate Mail Armor
37:16 Thumb Ring
37:37 Parthian Tactics
37:08 Bodkin Arrow
38:46 Blast Furnace
37:51 Heavy Cavalry Archer
39:29 Bracer
40:31 Chemistry
Connection lost

Rejoining the realm…

Still unreachable

The connection could not be restored.

Session expired

The server has moved on; the page needs a fresh start.